Map: Thunderbird LE

Players

EGG

  • Race: Zerg Zerg
  • League: Grandmaster
  • Spawn Location: 5:00

RazerBlader - Winner!

  • Race: Terran Terran
  • League: Master
  • Spawn Location: 11:00

Event: NationWars 2019

VOD

Have the link to the VOD?

Description

Time

  • Played on: Sept. 26, 2019, 6:17 p.m.
  • Length: 10:43
Show
View Real Time Build Order
Export as new Build Order

EGG Zerg 

Build Orders: Hatch First 

Get SALT Encoding   

  12  0:01  Drone  
  13  0:12  Overlord  
  13  0:17  Drone  
  14  0:31  Drone x2  
  14  0:34  Drone  
  17  0:52  Hatchery  
  17  0:54  Drone  
  17  0:57  Drone  
  18  1:08  Extractor  
  17  1:12  Spawning Pool  
  17  1:15  Drone  
  17  1:18  Drone  
  18  1:28  Drone  
  19  1:39  Overlord  
  19  1:49  Drone  
  20  1:59  Queen  
  20  2:00  Zergling x2  
  23  2:04  Queen  
  23  2:05  Zergling x2  
  23  2:08  Metabolic Boost  
  26  2:11  Drone  
  26  2:15  Drone  
  28  2:23  Drone  
  29  2:31  Drone  
  29  2:37  Drone x2  
  30  2:39  Spore Crawler  
  30  2:40  Queen  
  33  2:47  Overlord  
  34  2:51  Drone  
  34  2:58  Drone  
  35  2:59  Pneumatized Carapace  
  35  3:06  Drone x2  
  35  3:11  Overlord  
  35  3:12  Drone x3  
  40  3:15  Queen  
  42  3:23  Hatchery  
  41  3:32  Drone x4  
  45  3:39  Overlord  
  45  3:41  Queen  
  47  3:56  Drone, Extractor  
  47  3:57  Baneling Nest  
  47  3:58  Drone x3  
  47  3:59  Drone  
  47  4:01  Overlord  
  50  4:03  Overlord  
  50  4:11  Overlord  
  50  4:18  Evolution Chamber  
  50  4:19  Queen  
  51  4:25  Drone  
  51  4:26  Drone x2  
  51  4:27  Drone x2  
  51  4:28  Extractor, Overlord  
  55  4:32  Lair  
  55  4:36  Queen  
  55  4:37  Zergling x4  
  55  4:38  Zergling x2  
  60  4:44  Baneling  
  60  4:45  Baneling  
  60  4:51  Zergling x8  
  60  4:52  Zergling x4  
  66  4:58  Queen  
  68  5:04  Zerg Ground Armor Level 1  
  68  5:05  Evolution Chamber  
  67  5:08  Drone x5  
  67  5:10  Drone  
  73  5:16  Overlord  
  73  5:17  Overlord  
  73  5:31  Centrifical Hooks  
  73  5:33  Drone  
  73  5:34  Drone  
  73  5:35  Drone x2, Extractor  
  77  5:39  Zergling x8  
  80  5:50  Drone x4  
  83  5:57  Zergling x6, Hatchery  
  83  5:58  Zergling x6  
  83  5:59  Zergling x2  
  89  6:12  Zerg Melee Weapons Level 1, Drone  
  89  6:13  Drone x6  
  89  6:16  Extractor  
  92  6:35  Drone x7  
  92  6:39  Hydralisk Den  
  97  6:46  Overlord x5  
  97  6:48  Infestation Pit  
  97  6:53  Baneling x10  
  97  6:54  Baneling x12  
  96  6:56  Zergling x4  
  96  6:58  Overlord  
  98  7:17  Zergling x2  
  98  7:18  Zergling x22  
  104  7:26  Drone  
  104  7:27  Extractor  
  104  7:28  Hive  
  104  7:29  Zerg Ground Armor Level 2  
  104  7:34  Hydralisk  
  104  7:35  Hydralisk x3  
  107  7:42  Queen  
  109  7:44  Drone x4  
  109  7:45  Drone x5  
  105  7:54  Hydralisk  
  105  7:55  Hydralisk x3  
  105  7:58  Hydralisk x2  
  109  8:03  Drone x3  
  109  8:04  Drone  
  113  8:20  Drone x2, Queen  
  117  8:31  Drone x3  
  117  8:32  Overlord x2  
  117  8:33  Extractor  
  119  8:41  Zergling x2  
  119  8:42  Zergling x22  
  119  8:45  Ultralisk Cavern  
  119  8:46  Drone x4  
  119  8:47  Drone  
  131  8:52  Zergling x2  
  131  8:53  Zergling x2  
  129  9:03  Extractor  
  129  9:05  Zergling x2  
  129  9:06  Zergling x14  
  136  9:10  Grooved Spines  
  136  9:13  Baneling  
  136  9:14  Baneling x12  
  136  9:23  Zergling x14  
  132  9:32  Zergling x2  
  132  9:33  Zergling x6  
  132  9:34  Ultralisk x3  
  147  9:42  Zergling x16  
  139  9:49  Zergling x2  
  139  9:50  Zergling x4  
  128  9:54  Baneling x2  
  128  9:55  Baneling x3  
  128  9:59  Zergling x2  
  114  10:00  Zergling x4  
  120  10:09  Baneling  
  120  10:10  Baneling x6  
  120  10:11  Baneling x4  
  119  10:18  Zergling x2  
  119  10:19  Zergling x10  
Show
View Real Time Build Order
Export as new Build Order

RazerBlader Terran - Winner!

Build Orders: Reaper Expand 

Get SALT Encoding   

  12  0:01  SCV  
  13  0:13  SCV  
  14  0:17  Supply Depot  
  14  0:25  SCV  
  15  0:38  SCV  
  15  0:39  Barracks  
  16  0:44  Refinery  
  16  0:50  SCV  
  17  1:03  SCV  
  18  1:15  SCV  
  19  1:27  Orbital Command, Reaper  
  20  1:42  Command Center  
  20  1:53  SCV, Supply Depot  
  21  1:59  Marine  
  22  2:05  SCV  
  23  2:17  SCV  
  23  2:18  Barracks Reactor  
  24  2:28  Command Center  
  24  2:29  SCV  
  25  2:42  SCV  
  26  2:46  Barracks  
  26  2:50  Refinery  
  26  2:54  SCV  
  27  2:59  Orbital Command  
  27  3:00  Marine x2  
  29  3:06  SCV  
  30  3:13  Factory  
  30  3:18  SCV  
  31  3:24  Marine x2  
  31  3:27  SCV  
  34  3:30  SCV  
  34  3:33  Barracks Tech Lab  
  35  3:39  SCV  
  35  3:40  Orbital Command  
  36  3:42  SCV  
  36  3:45  Marine x2  
  38  3:51  Stimpack, SCV  
  38  3:52  Marine  
  40  4:00  SCV  
  40  4:01  Factory Reactor  
  40  4:02  Starport  
  41  4:04  Marine x2  
  41  4:05  SCV  
  41  4:06  SCV  
  41  4:09  Marine  
  45  4:13  SCV  
  45  4:16  Supply Depot  
  47  4:19  SCV x2  
  47  4:22  Marine  
  47  4:24  Engineering Bay, Marine  
  50  4:25  SCV  
  50  4:30  Engineering Bay  
  52  4:31  SCV  
  52  4:32  SCV  
  52  4:33  Marine  
  52  4:38  SCV, Supply Depot  
  56  4:40  Marine  
  56  4:43  SCV, Supply Depot  
  58  4:46  Medivac  
  58  4:49  Medivac, Marine  
  63  4:52  Orbital Command  
  63  4:55  SCV  
  63  4:56  Refinery  
  63  4:57  Terran Infantry Weapons Level 1, Refinery  
  63  4:58  Marine  
  65  5:00  Marine  
  65  5:01  SCV  
  65  5:04  Terran Infantry Armor Level 1  
  67  5:08  SCV  
  67  5:10  Marine  
  67  5:13  SCV  
  70  5:14  Factory Reactor  
  70  5:15  Barracks  
  70  5:18  SCV  
  70  5:20  SCV  
  72  5:26  SCV  
  73  5:30  SCV, Marine x3  
  73  5:32  SCV  
  78  5:35  Combat Shield, Supply Depot  
  78  5:38  SCV  
  78  5:40  Supply Depot  
  78  5:42  SCV  
  80  5:46  SCV  
  80  5:48  Marine x3  
  84  5:50  SCV  
  84  5:52  Barracks  
  84  5:53  Barracks  
  85  5:58  SCV  
  85  5:59  Factory Reactor  
  85  6:01  Medivac  
  88  6:04  Medivac  
  88  6:06  Marine x2  
  88  6:09  Marine  
  92  6:11  SCV  
  92  6:12  SCV  
  92  6:13  Armory  
  92  6:14  SCV  
  92  6:16  Supply Depot  
  92  6:18  Marine x2  
  97  6:23  SCV  
  97  6:24  SCV  
  99  6:26  SCV  
  99  6:27  Marine  
  101  6:37  SCV x2, Marine x4  
  101  6:38  SCV  
  108  6:40  Refinery  
  108  6:41  Barracks Reactor x2, Supply Depot  
  108  6:45  Marine  
  109  6:49  Factory  
  109  6:50  SCV x3, Supply Depot  
  112  6:55  Supply Depot, Marine x4  
  116  7:02  SCV  
  116  7:03  Widow Mine x2, Marine  
  116  7:06  Terran Infantry Armor Level 2, Terran Infantry Weapons Level 2  
  122  7:10  SCV  
  122  7:13  Supply Depot, Marine x4  
  127  7:20  Marine  
  122  7:23  Marine x3  
  122  7:24  Widow Mine  
  122  7:27  Marine  
  122  7:28  Widow Mine  
  130  7:30  Terran Vehicle And Ship Armor Level 1  
  130  7:31  SCV, Marine x4  
  130  7:32  Supply Depot, Medivac  
  137  7:38  Marine  
  137  7:41  Factory Tech Lab  
  137  7:43  Command Center, Marine x3  
  141  7:45  Marine  
  141  7:48  Marine  
  141  7:49  Marine x2  
  141  7:50  Marine  
  141  7:56  Marine  
  139  8:01  Marine x3  
  139  8:03  Drilling Claws, Marine  
  140  8:06  Marine x2  
  140  8:07  Marine x2  
  140  8:12  Medivac x2  
  147  8:14  Siege Tank, Widow Mine, Marine  
  147  8:15  Widow Mine  
  147  8:18  Marine  
  147  8:19  Supply Depot, Marine  
  157  8:26  SCV, Marine x4  
  162  8:32  Marine x3  
  162  8:33  Supply Depot  
  165  8:42  Medivac x2  
  165  8:46  Marine  
  165  8:48  Siege Tank  
  173  8:54  Marine x2  
  173  8:55  SCV x2, Widow Mine  
  179  8:58  Marine  
  179  8:59  Marine x2  
  179  9:00  Barracks x2  
  179  9:01  Barracks  
  182  9:09  Marine  
  184  9:10  Marauder  
  184  9:11  SCV  
  184  9:14  Medivac x2  
  184  9:15  Marine x2  
  192  9:20  Siege Tank, Widow Mine x2  
  199  9:30  Marine  
  199  9:31  Marauder, Marine x2  
  197  9:35  Marine x2  
  193  9:41  Widow Mine  
  193  9:43  Planetary Fortress  
  175  9:46  Marine x2  
  175  9:47  Marine  
  175  9:51  Widow Mine  
  175  9:52  Siege Tank, Marine x3  
  179  10:08  Marine x2, Widow Mine  
  179  10:09  Marauder, Marine x2  
  179  10:13  Supply Depot, Refinery, Barracks Tech Lab x2  
  187  10:18  Marine x3  
  193  10:32  Command Center  
  193  10:33  Sensor Tower  
Tags
 
Add a new tag
Caveats
  • Supply blocks, unpowered buildings, or Contaminate may cause inaccurate times.
  • Supply counts are checked every 10 seconds.